 Dungeon Sprint DCSS version 0.17.1-3-g152610e (webtiles) character file.

8625 Kokonut the Brawler (level 11, -5/184 HPs)
             Began as a Troll Berserker on Mar 5, 2016.
             Was the Champion of Trog.
             Slain by a 12-headed hydra (10 damage)
             ... while paralysed by a giant eyeball
             ... in the Dungeon (Sprint I: "Red Sonja") on Mar 6, 2016.
             The game lasted 00:13:19 (1220 turns).

Kokonut the Brawler (Troll Berserker)               Turns: 1220, Time: 00:13:19

Health: -5/184     AC: 12    Str: 32    XL:     11   Next: 12%
Magic:  0/15       EV:  1    Int:  3    God:    Trog [******]
Gold:   451        SH:  0    Dex: 12    Spells: 0 memorised, 10 levels left

rFire  . . .     SeeInvis .       - Unarmed
rCold  . . .     Clarity  .     u - +4 moon troll leather armour {Spirit, Regen++ MP+5}
rNeg   . . .     SustAt   .     (no shield)
rPois  +         Gourm    +     (helmet restricted)
rElec  .         Spirit   +     t - +0 cloak {rPois}
rCorr  .         Warding  .     (gloves unavailable)
rMut   .         NoTele   +     (boots unavailable)
MR     .....                    (no amulet)
Stlth  ..........               (no ring)
                                (no ring)

@: paralysed, berserking, not resistant to hostile enchantments, extremely
unstealthy
A: unfitting armour, claws 3, fast metabolism 3, gourmand, regeneration 2,
shaggy fur 1, tough skin 2
a: Berserk, Trog's Hand, Brothers in Arms, Burn Spellbooks, Renounce Religion


You were in the Dungeon.
You worshipped Trog.
Trog was exalted by your worship.
You were very full.

You visited 1 branch You collected 1565 gold pieces.
You spent 1114 gold pieces at shops.

Inventory:

Hand Weapons
 i - a +0 club
 j - a +0 giant club
 s - a +1 broad axe of chopping
 v - a +3 antimagic battleaxe
 w - a +2 short sword of venom
 F - a +4 hunting sling of evasion
 G - a +1 hunting sling of freezing
Armour
 a - a +0 animal skin
 l - a +2 robe
 r - a +0 shield
 t - a +0 cloak of poison resistance (worn)
 u - the +4 moon troll leather armour (worn) {Spirit, Regen++ MP+5}
   (You bought it in a shop in the Dungeon)

   It affects your magic capacity (+5).
   It increases your rate of regeneration.
Jewellery
 A - an uncursed ring of see invisible
Wands
 B - a wand of digging (10)
Scrolls
 h - a scroll of blinking
 k - a scroll of enchant weapon {unknown}
 m - a scroll of magic mapping {unknown}
 o - 3 scrolls of fear {unknown}
 p - a scroll of identify {unknown}
 q - a scroll of amnesia {unknown}
 y - 3 scrolls of random uselessness {unknown}
 E - a scroll of enchant armour {unknown}
Potions
 c - 3 potions of curing
 d - a potion of heal wounds
 e - a potion of haste
 f - 2 potions of magic
 g - a potion of berserk rage
 n - a potion of agility {unknown}
 x - a potion of poison {unknown}
 z - a potion of cancellation {unknown}
 C - a potion of flight
Comestibles
 b - a bread ration
 D - a meat ration
 H - 12 chunks of flesh


   Skills:
 + Level 11.8 Fighting
 * Level 12.6 Dodging
 + Level 17.6 Unarmed Combat


You had 10 spell levels left.
You didn't know any spells.

Dungeon Overview and Level Annotations

Branches:
Dungeon (1/1)

Altars:
Cheibriados
Dithmenos
Elyvilon
Fedhas
Gozag
Kikubaaqudgha
Makhleb
Nemelex Xobeh
Okawaru
Qazlal
Ru
Sif Muna
Trog
Vehumet
Xom
Yredelemnul
Zin
The Shining One
Jiyva

Shops:
D !:?(*%[!}((%*=([(

Annotations:
D Norris


Innate Abilities, Weirdness & Mutations

You are too large for most types of armour.
You have claws for hands.
Your metabolism is lightning-fast.
You like to eat raw meat.
You heal very quickly.
You are covered in fur (AC +1).
You have very tough skin (AC +2).


Message History

The 12-headed hydra bites you but does no damage. x3
The 12-headed hydra misses you.
The 12-headed hydra completely misses you.
The 12-headed hydra bites you but does no damage.
The 12-headed hydra completely misses you.
The 12-headed hydra closely misses you.
Drink which item? (? for menu, Esc to quit)
Okay, then.
A red film seems to cover your vision as you go berserk!
You feel yourself moving faster!
You feel mighty! The giant eyeball gazes at you.
You suddenly lose the ability to move!
The 12-headed hydra bites you.
* * * LOW HITPOINT WARNING * * *
The 12-headed hydra bites you!
* * * LOW HITPOINT WARNING * * *
The 12-headed hydra bites you.
* * * LOW HITPOINT WARNING * * *
The 12-headed hydra bites you but does no damage.
The 12-headed hydra bites you!
You die...

#####################
..#.[#.§§§÷.§.§§@DG$#
..##+#.####§§§§§##$.+
).†§.#.# ##..§## ##
###..§.# #$###+#
.##'####..$#{#
.#..§.^#..$###
.#..§§§+..$$$#
'###§.§# .'.#.^§#


You could see a 12-headed hydra and a giant eyeball.

Vanquished Creatures
  2 centaur warriors (D)
  A deep troll (D)
  A lindwurm (D)
  An oklob plant (D)
  A gargoyle (D)
  2 kobold demonologists (D)
  4 demonic crawlers (D)
  A slime creature (D)
  Sigmund (D)
  4 trapdoor spiders (D)
  13 hogs (D)
  A yak (D)
  A wasp (D)
  7 necrophages (D)
  An ogre (D)
  8 jellies (D)
  Ijyb (D)
  2 giant eyeballs (D)
  2 ballistomycetes (D)
  A giant spore (D)
55 creatures vanquished.

Vanquished Creatures (collateral kills)
  Sonja (D)
1 creature vanquished.

Vanquished Creatures (others)
  A giant spore (D)
1 creature vanquished.

Grand Total: 57 creatures vanquished

Notes
Turn   | Place    | Note
--------------------------------------------------------------
     0 | D        | Kokonut the Troll Berserker began the quest for the Orb.
     0 | D        | Reached XP level 1. HP: 22/22 MP: 0/0
     1 | D        | Noticed Ijyb
    17 | D        | Killed Ijyb
    17 | D        | Reached skill level 5 in Unarmed Combat
    17 | D        | Reached XP level 2. HP: 13/31 MP: 1/1
    54 | D        | Noticed an ogre
    59 | D        | Killed an ogre
    59 | D        | Reached ** piety under Trog
    59 | D        | Reached skill level 7 in Unarmed Combat
    59 | D        | Reached XP level 3. HP: 40/40 MP: 2/2
    59 | D        | Reached XP level 4. HP: 49/49 MP: 3/3
   119 | D        | Noticed Sigmund
   128 | D        | Killed Sigmund
   128 | D        | Reached skill level 5 in Fighting
   128 | D        | Reached skill level 5 in Dodging
   128 | D        | Reached skill level 9 in Unarmed Combat
   128 | D        | Reached XP level 5. HP: 59/59 MP: 4/4
   128 | D        | Reached XP level 6. HP: 67/67 MP: 5/5
   179 | D        | Found a deep blue altar of Sif Muna.
   180 | D        | Noticed a jelly
   181 | D        | Found a radiant altar of Vehumet.
   185 | D        | Killed a jelly
   213 | D        | Found Qexkavyz's Book Emporium.
   213 | D        | Found a white marble altar of Elyvilon.
   213 | D        | Found a stormy altar of Qazlal.
   213 | D        | Found a burning altar of Makhleb.
   213 | D        | Found a sacrificial altar of Ru.
   213 | D        | Found a basalt altar of Yredelemnul.
   213 | D        | Found a glowing golden altar of the Shining One.
   213 | D        | Found a sparkling altar of Nemelex Xobeh.
   213 | D        | Found a shimmering altar of Xom.
   213 | D        | Found an opulent altar of Gozag.
   213 | D        | Found an ancient bone altar of Kikubaaqudgha.
   213 | D        | Found a glowing silver altar of Zin.
   213 | D        | Noticed a yak
   215 | D        | Killed a yak
   215 | D        | Reached *** piety under Trog
   215 | D        | Reached skill level 10 in Unarmed Combat
   216 | D        | Found an iron altar of Okawaru.
   217 | D        | Found a bloodstained altar of Trog.
   233 | D        | Found a snail-covered altar of Cheibriados.
   233 | D        | Found a viscous altar of Jiyva.
   233 | D        | Found a shadowy altar of Dithmenos.
   233 | D        | Found a blossoming altar of Fedhas.
   233 | D        | Noticed a slime creature
   239 | D        | Killed a slime creature
   239 | D        | Reached skill level 11 in Unarmed Combat
   239 | D        | Reached XP level 7. HP: 59/78 MP: 6/6
   257 | D        | Noticed a kobold demonologist
   258 | D        | Noticed a kobold demonologist
   263 | D        | Noticed a ynoxinul
   266 | D        | Killed a kobold demonologist
   266 | D        | Reached **** piety under Trog
   266 | D        | Reached skill level 12 in Unarmed Combat
   272 | D        | Killed a kobold demonologist
   272 | D        | Reached XP level 8. HP: 88/88 MP: 7/7
   315 | D        | Noticed a centaur warrior
   316 | D        | Noticed a centaur warrior
   321 | D        | Killed a centaur warrior
   321 | D        | Reached skill level 13 in Unarmed Combat
   324 | D        | Killed a centaur warrior
   324 | D        | Reached ***** piety under Trog
   324 | D        | Reached skill level 14 in Unarmed Combat
   324 | D        | Reached XP level 9. HP: 81/100 MP: 8/8
   368 | D        | Noticed a wasp
   370 | D        | Killed a wasp
   384 | D        | Noticed an oklob plant
   388 | D        | Killed an oklob plant
   388 | D        | Reached skill level 15 in Unarmed Combat
   401 | D        | Noticed a deep troll
   408 | D        | Killed a deep troll
   408 | D        | Reached skill level 10 in Fighting
   408 | D        | Reached skill level 10 in Dodging
   420 | D        | Found Dozache's Armour Emporium.
   500 | D        | Noticed Sonja
   503 | D        | Killed Sonja
   503 | D        | Received a gift from Trog
   518 | D        | Found Cedwaol's Distillery.
   615 | D        | Bought a +0 cloak of poison resistance for 93 gold pieces
   615 | D        | Bought the +4 moon troll leather armour {Spirit, Regen++ MP+5} for 484 gold pieces
   729 | D        | Noticed a trapdoor spider
   733 | D        | Killed a trapdoor spider
   736 | D        | Noticed a trapdoor spider
   741 | D        | Killed a trapdoor spider
   741 | D        | Reached skill level 16 in Unarmed Combat
   741 | D        | Reached XP level 10. HP: 38/111 MP: 4/9
   743 | D        | Noticed a trapdoor spider
   800 | D        | Noticed a trapdoor spider
   807 | D        | Killed a trapdoor spider
   815 | D        | Killed a trapdoor spider
   884 | D        | Noticed a jelly
   884 | D        | Noticed a jelly
   885 | D        | Noticed a jelly
   886 | D        | Paralysed by a giant eyeball for 4 turns
   891 | D        | Received a gift from Trog
   894 | D        | Killed a jelly
   896 | D        | Killed a jelly
   899 | D        | Killed a jelly
   900 | D        | Noticed a jelly
   900 | D        | Noticed a jelly
   900 | D        | Noticed a jelly
   900 | D        | Noticed a jelly
   904 | D        | Killed a jelly
   905 | D        | Killed a jelly
   907 | D        | Killed a jelly
   909 | D        | Killed a jelly
   909 | D        | Received a gift from Trog
   912 | D        | Noticed a necrophage
   913 | D        | Noticed a necrophage
   913 | D        | Noticed a necrophage
   914 | D        | Noticed a necrophage
   914 | D        | Noticed a necrophage
   915 | D        | Noticed a necrophage
   915 | D        | Noticed a necrophage
   917 | D        | Killed a necrophage
   925 | D        | Killed a necrophage
   928 | D        | Killed a necrophage
   929 | D        | Killed a necrophage
   931 | D        | Killed a necrophage
   933 | D        | Killed a necrophage
   935 | D        | Killed a necrophage
   962 | D        | Found Xuagur's Antique Weapon Shoppe.
   962 | D        | Found Muinul Hese's Magic Scroll Shop.
   962 | D        | Found Nineph's General Store.
   964 | D        | Found Boisiq's Food Emporium.
   964 | D        | Found Muocuopnu's Antique Armour Shop.
   964 | D        | Found Plog's Distillery.
   964 | D        | Found Ratsora's Gadget Boutique.
   964 | D        | Found Kumourr's Antique Weapon Emporium.
   964 | D        | Found Uvey's Weapon Shop.
   964 | D        | Found Lyqacane's Food Shoppe.
   968 | D        | Found Wekhliuni's Assorted Antiques.
   969 | D        | Found Conkisut's Weapon Emporium.
   969 | D        | Found Tytomy's Jewellery Boutique.
   970 | D        | Found Yfoul's Weapon Emporium.
   980 | D        | Bought an uncursed ring of see invisible for 150 gold pieces
   985 | D        | Bought a wand of digging (10) for 280 gold pieces
   986 | D        | Bought a potion of flight for 42 gold pieces
   991 | D        | Bought a meat ration for 65 gold pieces
  1034 | D        | Noticed a demonic crawler
  1034 | D        | Noticed a demonic crawler
  1034 | D        | Noticed a demonic crawler
  1034 | D        | Noticed a demonic crawler
  1039 | D        | Killed a demonic crawler
  1046 | D        | Killed a demonic crawler
  1049 | D        | Killed a demonic crawler
  1049 | D        | Reached skill level 17 in Unarmed Combat
  1057 | D        | Killed a demonic crawler
  1075 | D        | Noticed a lindwurm
  1084 | D        | Killed a lindwurm
  1084 | D        | Reached ****** piety under Trog
  1094 | D        | Noticed a gargoyle
  1098 | D        | Killed a gargoyle
  1115 | D        | Noticed Norris
  1127 | D        | Noticed a hog
  1127 | D        | Noticed a hog
  1127 | D        | Noticed a hog
  1127 | D        | Noticed a hog
  1127 | D        | Noticed a hog
  1127 | D        | Noticed a hog
  1127 | D        | Noticed a hog
  1127 | D        | Noticed a hog
  1127 | D        | Noticed a hog
  1127 | D        | Noticed a hog
  1127 | D        | Noticed a hog
  1127 | D        | Noticed a hog
  1127 | D        | Noticed a hog
  1129 | D        | Killed a hog
  1129 | D        | Received a gift from Trog
  1131 | D        | Killed a hog
  1134 | D        | Killed a hog
  1139 | D        | Killed a hog
  1143 | D        | Killed a hog
  1145 | D        | Killed a hog
  1145 | D        | Reached XP level 11. HP: 115/120 MP: 10/10
  1147 | D        | Killed a hog
  1150 | D        | Killed a hog
  1150 | D        | Received a gift from Trog
  1153 | D        | Killed a hog
  1156 | D        | Killed a hog
  1165 | D        | Killed a hog
  1166 | D        | Killed a hog
  1171 | D        | Killed a hog
  1213 | D        | Noticed a 12-headed hydra
  1213 | D        | Paralysed by a giant eyeball for 2 turns
  1218 | D        | HP: 5/123 [12-headed hydra (5)]
  1218 | D        | HP: 1/123 [12-headed hydra (3)]
  1220 | D        | Paralysed by a giant eyeball for 2 turns
  1220 | D        | Slain by a 12-headed hydra

Action                   |  1- 3 |  4- 6 |  7- 9 | 10-12 || total
-------------------------+-------+-------+-------+-------++-------
Melee: Unarmed           |    19 |    17 |    46 |   111 ||   193
Invok: Berserk           |     1 |     1 |     2 |     1 ||     5
       Brothers in Arms  |       |       |     1 |     1 ||     2
       Trog's Hand       |       |       |       |     1 ||     1
  Use: Potion            |       |       |       |     1 ||     1
  Eat: Chunk             |       |     8 |     2 |     7 ||    17
       Bread ration      |       |       |       |     1 ||     1
